 Dungeon Crawl Stone Soup version 0.31-a0-851-g7ff8af7976 (webtiles) character file.

Game seed: 8835121265557328171

12 archon2 the Firebug (level 2, 0/18 HPs)
             Began as an Octopode Fire Elementalist on Oct 7, 2023.
             Slain by a goblin
             ... wielding a +0 club
              (3 damage)
             ... on level 1 of the Dungeon.
             The game lasted 00:01:03 (282 turns).

archon2 the Firebug (Octopode Fire Elementalist)     Turns: 282, Time: 00:01:04

Health: 0/18       AC:  1    Str:  7    XL:     2   Next: 33%
Magic:  5/5        EV: 13    Int: 17    God:
Gold:   8          SH:  0    Dex: 12    Spells: 4/5 levels left

rFire   . . .        (no weapon)
rCold   . . .        (no shield)
rNeg    . . .        (helmet restricted)
rPois   .            (no amulet)
rElec   .            (no ring)
rCorr   .            (no ring)
SInv    .            (no ring)
Will    .....        (no ring)
Stlth   +++          (no ring)
HPRegen 0.23/turn    (no ring)
MPRegen 0.09/turn    (no ring)
                     (no ring)

%: no passive effects
@: no status effects
A: almost no armour, amphibious, 8 rings, camouflage 1, gelatinous body 1,
(nimble swimmer 1), tentacles
a: no special abilities


You were on level 1 of the Dungeon.
You visited 1 branch of the dungeon, and saw 1 of its levels.

You collected 8 gold pieces.

Inventory:

Scrolls
 c - a scroll of vulnerability {unknown}
 d - a scroll of noise {unknown}
Potions
 a - a potion of magic
 b - a potion of attraction {unknown}


   Skills:
 + Level 0.4 Fighting
 - Level 2.0 Dodging
 - Level 2.6 Stealth
 + Level 2.1 Spellcasting
 * Level 1.5 Conjurations
 * Level 3.2 Fire Magic


You had 4 spell levels left.
You knew the following spells:

 Your Spells              Type           Power      Damage    Failure   Level
a - Foxfire               Conj/Fire      36%        2x1d5     7%          1

Your spell library contained the following spells:

 Spells                   Type           Power      Damage    Failure   Level
 Scorch                   Fire           24%        2d6       8%          2
 Inner Flame              Hex/Fire       7%         N/A       30%         3
 Volatile Blastmotes      Fire/Tloc      14%        2d11      30%         3
 Flame Wave               Conj/Fire      9%         2d6       56%         4


Dungeon Overview and Level Annotations

Branches:
Dungeon (1/15)

Altars:

Shops:
D:1 (


Innate Abilities, Weirdness & Mutations

You cannot wear most types of armour.
You are amphibious.
You can wear up to eight rings at the same time.
Your skin changes colour to match your surroundings (Stealth+).
Your rubbery body absorbs attacks. (AC +1, EV +1)
((You are camouflaged when in or above water. (Stealth+)))
You have tentacles for arms and can constrict up to eight enemies at once.


Message History

You squeeze the giant cockroach.
You kill the giant cockroach!
No target in view!
No target in view!
You start resting.
HP restored.
You see here a giant cockroach corpse.
A quokka is nearby!
A goblin comes into view. It is wielding a +0 club.
The goblin shouts!
You catch the helpless quokka completely off-guard!
You tentacle-slap the quokka. Your grab misses the quokka.
The quokka is lightly wounded.
The quokka misses you. The quokka bites you.
You tentacle-slap the quokka but do no damage.
You grab the quokka. Your squeeze misses the quokka.
The quokka is lightly wounded.
You constrict the quokka. The quokka bites you.
You tentacle-slap the quokka but do no damage.
Your squeeze misses the quokka.
The quokka is moderately wounded.
You constrict the quokka, but do no damage.
The quokka misses you. The goblin closely misses you.
You tentacle-slap the quokka but do no damage.
The quokka is moderately wounded.
You constrict the quokka. The quokka bites you. The goblin barely misses you.
You are too injured to fight recklessly!
You are too injured to fight recklessly!
You are too injured to fight recklessly!
You tentacle-slap the quokka but do no damage.
The quokka is heavily wounded.
You constrict the quokka. The quokka bites you. The goblin closely misses you.
You tentacle-slap the quokka.
You kill the quokka!
The goblin hits you with a +0 club.
* * * LOW HITPOINT WARNING * * *
Found a stone staircase leading down.
A ball python comes into view.
Found a purple potion.
The goblin hits you with a +0 club.
You die...

# #.. ....... ...
. # #.# ##.....
...># # #.#
#.....# #.#.
###.####....####..
.............. ..#
###.#####...####.#
#.#####........#
#....†...#####g#
#######.## #@# #.#
#.......# #.#
..#.#S#.! #.#
.#.### #.# #.#..
#.# . ... ... .#
### ##


You could see a goblin and a ball python (asleep).

Vanquished Creatures
  A dart slug (D:1)
  An endoplasm (D:1)
  2 giant cockroaches (D:1)
  2 goblins (D:1)
  A hobgoblin (D:1)
  A quokka (D:1)
8 creatures vanquished.

Vanquished Creatures (others)
  2 foxfires (D:1)
2 creatures vanquished.

Grand Total: 10 creatures vanquished

Notes
Turn   | Place    | Note
-------+----------+-------------------------------------------
     0 | D:1      | archon2 the Octopode Fire Elementalist began the quest for
                  | the Orb.
     0 | D:1      | Reached XP level 1. HP: 11/11 MP: 3/3
    55 | D:1      | Found Kotusuwk's Weapon Shop.
   202 | D:1      | Reached XP level 2. HP: 18/18 MP: 5/5
   282 | D:1      | Slain by a goblin

Illustrated notes

Levels and vault maps discovered:
D:1:      lemuel_arrival_rhombus, layout_loops_corners, serial_shops, shop,
          hellmonk_ecumenical_altar_blasted, minmay_octomino_e4

Action                     || total
---------------------------++-------
  Melee: Unarmed           ||    25
         Tentacles         ||     5
         Constrict         ||     7
         Punch             ||     1
   Cast: Foxfire           ||     1
   Stab: Distracted        ||     1
 Armour: Skin              ||    12
  Dodge: Dodged            ||    16

Table legend: (Time is in decaauts)
 A = Elapsed time spent in this place.
 B = Non-inter-level travel time spent in this place.
 C = Inter-level travel time spent in this place.
 D = Time resting spent in this place.
 E = Time spent auto-exploring this place.
 F = Levels seen in this place.
 G = Mean time per level.
                   A        B        C        D        E       F      G
               +--------+--------+--------+--------+--------+-----+--------+
         Total |    282 |    282 |      0 |     22 |    174 |   1 |  282.0 |
       Dungeon |    282 |    282 |      0 |     22 |    174 |   1 |  282.0 |
               +--------+--------+--------+--------+--------+-----+--------+

Top non-repeatable levels by time:
     D:1: 282 daAuts
